 Dungeon Crawl Stone Soup version 0.28-a0-1159-g27aa881441 (webtiles) character file.

Game seed: 13173756197800177004

7 spaghetti the Sneak (level 2, 0/25 HPs)
             Began as a Djinni Delver on Dec 15, 2021.
             Slain by a giant cockroach (2 damage)
             ... on level 4 of the Dungeon.
             The game lasted 00:01:49 (763 turns).

spaghetti the Sneak (Djinni Delver)                  Turns: 763, Time: 00:01:50

Health: 0/25       AC:  3    Str: 11    XL:     2   Next: 5%
Gold:   14         EV: 12    Int: 11    God:
                   SH:  0    Dex: 14

rFire   + + .      SeeInvis .     - Unarmed
rCold   x . .      Faith    .   (no shield)
rNeg    . . .      Spirit   .   a - +0 leather armour
rPois   ∞          Reflect  .   (no helmet)
rElec   .          Harm     .   (no cloak)
rCorr   .          Rampage  .   (no gloves)
Will    .....                   (boots unavailable)
Stlth   ++........              (no amulet)
HPRegen 0.08/turn               (no ring)
MPRegen 0.00/turn               (no ring)

@: brilliant, flying
A: sickness immunity, fire resistance 2, cold vulnerability 1, float, innate
caster, hp casting, extra vitality 1
a: no special abilities


You were on level 4 of the Dungeon.
You visited 2 branches of the dungeon, and saw 3 of its levels.

You collected 14 gold pieces.


Innate Abilities, Weirdness & Mutations

You are immune to sickness and miasma.
You are immune to poison.
Your flesh is very heat resistant. (rF++)
You are vulnerable to cold. (rC-)
You float through the air rather than walking.
You learn spells naturally, not from books.
Your magical power is your life essence.
You have superior vitality. (+4 HP)


   Skills:
 + Level 3.5 Fighting
 - Level 2.1 Dodging
 - Level 4.1 Stealth
 - Level 2.0 Unarmed Combat


You had one spell level left.
You didn't know any spells.
Your spell library was empty.

Inventory:

Hand Weapons
 g - a +0 whip {mace}
   (You found it on level 5 of the Dungeon)
 h - a +0 hand axe {axe}
   (You took it off an orc on level 4 of the Dungeon)
 i - a +0 club {mace}
   (You took it off a goblin on level 4 of the Dungeon)
 l - a +0 short sword {short}
   (You found it on level 4 of the Dungeon)
Missiles
 k - 18 arrows
Armour
 a - a +0 leather armour (worn)
Wands
 f - a wand of digging (3)
Scrolls
 b - a scroll of fog
 c - a scroll of magic mapping {!r}
 d - a scroll of fear
Potions
 e - a potion of haste {@q3}

Dungeon Overview and Level Annotations

Branches:
Dungeon (5/15)             Temple (1/1) D:4

Altars:
Ashenzari
Cheibriados
Fedhas
Gozag
Kikubaaqudgha
Okawaru
Trog
Uskayaw

.. #....$.(#...#....
#.#...+..._...+...#..##
##.......B.....#...#..#
#..#.#.........###.#..#
#.... #.........#.....#
#...:.#⌠.##'##.⌠#.....#
....####...####...###
#....#.........##
#.@.#...#.....#
#..#B##.##...###
#.##........##
..............#
###############


You could see a giant cockroach.


Message History

There is a staircase back to the Dungeon here.
Unknown command.
Unknown command.
Unknown command.
Found a hide-covered altar of Uskayaw.
There is a staircase back to the Dungeon here.
Found a blossoming altar of Fedhas.
Found an opulent altar of Gozag.
Found an ancient bone altar of Kikubaaqudgha.
There is an opulent altar of Gozag here.
You hover solemnly before the altar of Gozag.
Gozag does not accept service from beggars like you!
The service fee for joining is currently 29 gold; you only have 14.
Unknown command.
Press < or > to pray at altars.
Unknown command.
Press < or > to pray at altars.
Unknown command.
Press < or > to pray at altars.
You hover solemnly before the altar of Gozag.
Gozag does not accept service from beggars like you!
The service fee for joining is currently 29 gold; you only have 14.
(D) Dungeon (T) Temple
Where to? (? - help)
There is a staircase back to the Dungeon here.
You fly upwards.
There is a staircase to the Ecumenical Temple here.
Unknown command.
Unknown command.
j - a sedimented golden potion
There is a stone staircase leading down here.
k - 18 arrows
l - a +0 short sword {short} You reach down and open the door.
An endoplasm comes into view.
Found 15 gold pieces and 14 stones.
Found a broken altar of Ashenzari.
A scorpion comes into view.
The endoplasm quivers.
There is an open door here.
You completely miss the endoplasm.
A giant cockroach comes into view.
The endoplasm closely misses you.
You hit the endoplasm. The endoplasm freezes you.
You are frozen!
You feel a terrible chill! 😮 HP[-7]
You take 7 damage, and now have 13/20 hp.
MASSIVE DAMAGE!! (PAUSE)
There is an open door here.
Unknown command.
Unknown command. 😮 HP[+1]
You are too injured to fight recklessly!
You are too injured to fight recklessly!
You are too injured to fight recklessly!
You are too injured to fight recklessly!
You hit the endoplasm. The endoplasm freezes you.
You are frozen.
You feel a terrible chill!
* * * LOW HITPOINT WARNING * * *
😨 HP[-4]
You take 4 damage, and now have 10/20 hp.
Unknown command.
You hit the endoplasm. The endoplasm hits you.
* * * LOW HITPOINT WARNING * * *
😨 HP[-3]
You take 3 damage, and now have 7/20 hp.
Unknown command.
You hit the endoplasm. The endoplasm freezes you.
You are frozen.
You feel a terrible chill!
* * * LOW HITPOINT WARNING * * *
😱 HP[-6]
You take 6 damage, and now have 1/20 hp.
MASSIVE DAMAGE!! (PAUSE)
You hit the endoplasm.
You kill the endoplasm!
You have reached level 2!
You now have 25 max hp (+5).
Unknown command.
Unknown command.
You hit the giant cockroach. The giant cockroach closely misses you.
You closely miss the giant cockroach.
The giant cockroach bites you but does no damage.
You closely miss the giant cockroach. Your punch misses the giant cockroach.
The giant cockroach bites you but does no damage.
Unknown command.
The giant cockroach closely misses you. 😱 HP[+1]
Okay, then.
It was a potion of brilliance.
You feel clever all of a sudden.
The giant cockroach bites you but does no damage.
Unknown command.
You hit the giant cockroach but do no damage.
The giant cockroach bites you.
You die...

Action                   || total
-------------------------++-------
Melee: Unarmed           ||    37
  Use: Potion            ||     1
 Stab: Sleeping          ||     2
Armor: Leather armour    ||     5
Dodge: Dodged            ||    15

Levels and vault maps discovered:
D:4:      layout_basic, mainiacjoe_overflow_concentric_impassable,
          evilmike_ruin_ashenzari, minmay_temple_entry_drinking_statues,
          hangedman_decor_peaks_small, minmay_misc_feat_tower,
          serial_park_tiny_2, nicolae_shop_overcharged_wands
D:5:      nicolae_cairo_tiling_large, layout_rooms, nicolae_grassy_gnolls
Temple:   compressed_dpeg_circular_temple

Notes
Turn   | Place    | Note
-------+----------+-------------------------------------------
     0 | D:5      | spaghetti the Djinni Delver began the quest for the Orb.
     0 | D:5      | Reached XP level 1. HP: 20/20 MP: 0/0
     0 | D:5      | magus.rc [v1.9.6]
    47 | D:4      | HP: 1/20 [orc (5)]
   376 | D:4      | Found a bloodstained altar of Trog.
   380 | D:4      | Noticed a hound
   655 | D:4      | Found a staircase to the Ecumenical Temple.
   662 | Temple   | Entered the Ecumenical Temple
   741 | D:4      | Found a broken altar of Ashenzari.
   742 | D:4      | Noticed a scorpion
   754 | D:4      | HP: 1/20 [frozen (6)]
   756 | D:4      | Reached XP level 2. HP: 1/25 MP: 0/0
   763 | D:4      | Slain by a giant cockroach

Vanquished Creatures
  An orc (D:4)
  3 endoplasms (D:4)
  A goblin (D:4)
5 creatures vanquished.

Table legend:
 A = Non-vault XP
 B = Vault XP
 C = Vault XP percentage of total XP
 D = Non-vault monster count
 E = Vault monster count
 F = Vault count percentage of total count
                 A         B        C        D         E       F
            +---------+---------+-------+---------+---------+-------
      Total |      10 |       0 |   0.0 |       5 |       0 |   0.0
            +---------+---------+-------+---------+---------+-------
        D:4 |      10 |       0 |   0.0 |       5 |       0 |   0.0
            +---------+---------+-------+---------+---------+-------

Illustrated notes

Table legend:
 A = Kills in this place as a percentage of kills in entire the game.
 B = Kills by you in this place as a percentage of kills by you in the entire game.
 C = Kills by friends in this place as a percentage of kills by friends in the entire game.
 D = Other kills in this place as a percentage of other kills in the entire game.
 E = Experience gained in this place as a percentage of experience gained in the entire game.
 F = Experience gained in this place divided by the number of levels of this place that you have seen.
                   A       B       C       D       E      F
               +-------+-------+-------+-------+-------+----------------------
         Total | 100.0 | 100.0 |   N/A |   N/A | 100.0 |   3.3
       Dungeon | 100.0 | 100.0 |   N/A |   N/A | 100.0 |   5.0
               +-------+-------+-------+-------+-------+----------------------

Table legend: (Time is in decaauts)
 A = Elapsed time spent in this place.
 B = Non-inter-level travel time spent in this place.
 C = Inter-level travel time spent in this place.
 D = Time resting spent in this place.
 E = Time spent auto-exploring this place.
 F = Levels seen in this place.
 G = Mean time per level.
                   A        B        C        D        E       F      G
               +--------+--------+--------+--------+--------+-----+--------+
         Total |    761 |    739 |     22 |    548 |     69 |   3 |  253.7 |
       Dungeon |    711 |    710 |      1 |    548 |     51 |   2 |  355.5 |
        Temple |     49 |     28 |     21 |      0 |     18 |   1 |   49.0 |
               +--------+--------+--------+--------+--------+-----+--------+

Top non-repeatable levels by time:
     D:4: 696 daAuts
  Temple: 49 daAuts
     D:5: 15 daAuts
